 Dungeon Crawl Stone Soup version 0.24.0-123-gd5b16e6ec5 (webtiles) character file.

Game seed: 1913714670308550179, levelgen mode: deterministic

224464 mortelune the Warrior (level 18, 0/180 HPs)
             Began as a Minotaur Berserker on Dec 22, 2019.
             Was an Elder of Trog.
             Killed by the raging water
             ... invoked by a water nymph
              (31 damage)
             ... on level 4 of the Shoals.
             The game lasted 01:32:53 (40083 turns).

mortelune the Warrior (Minotaur Berserker)         Turns: 40083, Time: 01:32:53

Health: 0/180      AC: 23    Str: 25    XL:     18   Next: 59%
Magic:  24/24      EV: 13    Int:  5    God:    Trog [****..]
Gold:   1162       SH: 10    Dex: 24    Spells: 17/17 levels left

rFire    + . .     SeeInvis .   b - +10 demon blade of the Lonely Mice {drain, rPois Str-2 Dex+4}
rCold    + + .     Gourm    .   Y - +2 buckler
rNeg     . . .     Faith    .   Z - +0 plate armour {rF+}
rPois    +         Spirit   .   p - +1 hat {MR+}
rElec    .         Reflect  +   M - scarf {cloud immunity}
rCorr    .         Harm     .   o - +0 pair of gloves
MR       ++...                  L - +0 pair of boots (curse)
Stlth    ..........             s - amulet "Imudot" {Reflect rC++ Dex+3 SH+2}
HPRegen  0.40/turn              P - +5 ring of dexterity
MPRegen  0.19/turn              F - +3 ring of evasion

@: berserk cooldown, slowed, very slow
A: retaliatory headbutt, horns 2
}: 1/15 runes: serpentine
a: Berserk, Trog's Hand, Brothers in Arms, Renounce Religion


You were on level 4 of the Shoals.
You worshipped Trog.
Trog was greatly pleased with you.
You were very hungry.

You visited 5 branches of the dungeon, and saw 31 of its levels.
You also visited: Gauntlet and Ice Cave.

You collected 3288 gold pieces.
You spent 2126 gold pieces at shops.

Inventory:

Hand Weapons
 a - a +3 antimagic demon blade
 b - the +10 demon blade of the Lonely Mice (weapon) {drain, rPois Str-2 Dex+4}
   (Trog gifted it to you on level 6 of the Lair of Beasts)

   A truly terrible weapon, it drains the life of those it strikes.
   It affects your strength (-2).
   It affects your dexterity (+4).
   It protects you from poison.
Missiles
 f - 12 silver javelins
 m - 42 javelins
 w - 19 boomerangs (quivered)
 J - 9 throwing nets
Armour
 o - a +0 pair of gloves (worn)
 p - a +1 hat of magic resistance (worn)
 G - the +2 leather armour "Ezucem" {rElec Str-2 Dex+4 Slay+2}
   (You found it on level 6 of the Dungeon)

   It affects your strength (-2).
   It affects your dexterity (+4).
   It affects your accuracy and damage with ranged weapons and melee attacks
   (+2).
   It insulates you from electricity.
 L - a cursed +0 pair of boots (worn)
 M - a scarf of cloud immunity (worn)
 Y - a +2 buckler (worn)
 Z - a +0 plate armour of fire resistance (worn)
Jewellery
 d - an uncursed ring of ice
 s - the amulet "Imudot" (around neck) {Reflect rC++ Dex+3 SH+2}
   (You bought it in a shop on level 2 of the Shoals)

   [amulet of reflection]

   It shields you and reflects attacks.
   It affects your dexterity (+3).
   It greatly protects you from cold.
   It affects your SH (+2).
 z - the ring "Zumpivvi" {rF+ rCorr Stlth+}
   (You found it in a Gauntlet)

   [ring of resist corrosion]

   It protects you from fire.
   It provides partial protection from all sources of acid and corrosion.
   It makes you more stealthy.
 F - a +3 ring of evasion (right hand)
 K - an uncursed ring of positive energy
 P - a +5 ring of dexterity (left hand)
Wands
 e - a wand of enslavement (23)
 g - a wand of disintegration (11)
 y - a wand of digging (7)
 N - a wand of flame (119)
 T - a wand of acid (16)
 U - a wand of iceblast (33)
 V - a wand of clouds (8)
Scrolls
 h - 17 scrolls of remove curse
 n - 16 scrolls of teleportation
 q - 3 scrolls of magic mapping
 x - 7 scrolls of immolation
 B - 4 scrolls of identify
 D - 2 scrolls of summoning
 E - 7 scrolls of blinking
 I - 3 scrolls of fear
 Q - 5 scrolls of enchant armour
 R - 2 scrolls of silence
 S - 6 scrolls of fog
Potions
 i - 10 potions of heal wounds
 j - 2 potions of flight
 k - 3 potions of mutation
 l - 11 potions of curing
 r - 2 potions of agility
 t - 2 potions of invisibility
 u - 2 potions of magic
 A - a potion of brilliance
 C - 2 potions of haste
 H - 4 potions of might
 O - 7 potions of resistance
 X - a potion of cancellation
Miscellaneous
 v - a phantom mirror
Comestibles
 c - 47 rations
 W - 13 chunks of flesh


   Skills:
 + Level 20.8 Fighting
 - Level 16.0 Long Blades
 * Level 16.0 Throwing
 + Level 18.7 Armour
 - Level 2.6 Dodging
 - Level 4.1 Shields
 + Level 9.7 Evocations


You had 17 spell levels left.
You didn't know any spells.
Your spell library contained the following spells:

 Spells                   Type           Power        Failure   Level  Hunger
 Animate Skeleton         Necr           N/A          97%         1    ##.....
 Apportation              Tloc           #.....       97%         1    ##.....
 Confusing Touch          Hex            #.....       97%         1    ##.....
 Flame Tongue             Conj/Fire      #....        97%         1    ##.....
 Magic Dart               Conj           #...         97%         1    ##.....
 Pain                     Necr           #...         97%         1    ##.....
 Sting                    Conj/Pois      #...         97%         1    ##.....
 Summon Small Mammal      Summ           #...         97%         1    ##.....
 Poisonous Vapours        Pois/Air       #.....       99%         2    ###....
 Searing Ray              Conj           #.....       99%         2    ###....
 Shroud of Golubria       Chrm/Tloc      #.....       99%         2    ###....
 Throw Flame              Conj/Fire      #.....       99%         2    ###....
 Conjure Flame            Conj/Fire      #.......     100%        3    ####...
 Dazzling Spray           Conj/Hex       #.....       100%        3    ####...
 Inner Flame              Hex/Fire       #.......     100%        3    ####...
 Mephitic Cloud           Conj/Pois/Air  #.......     100%        3    ####...
 Recall                   Summ/Tloc      N/A          100%        3    ####...
 Regeneration             Chrm/Necr      #.........   100%        3    ####...
 Vampiric Draining        Necr           #.........   100%        3    ####...
 Animate Dead             Necr           N/A          100%        4    #####..
 Force Lance              Conj/Tloc      #.......     100%        4    #####..
 Fulminant Prism          Conj/Hex       #.........   100%        4    #####..
 Iskenderun's Mystic Bla  Conj           #.......     100%        4    #####..
 Olgreb's Toxic Radiance  Pois           #.......     100%        4    #####..
 Sticky Flame             Conj/Fire      #.......     100%        4    #####..
 Summon Lightning Spire   Summ/Air       #.......     100%        4    #####..
 Borgnjor's Vile Clutch   Necr/Erth      #.........   100%        5    ######.
 Fireball                 Conj/Fire      #.........   100%        5    ######.
 Silence                  Hex/Air        #.........   100%        5    ######.
 Venom Bolt               Conj/Pois      #.........   100%        5    ######.
 Conjure Ball Lightning   Conj/Air       #.........   100%        6    #######
 Death Channel            Necr           #.........   100%        6    #######
 Deflect Missiles         Chrm/Air       #.........   100%        6    #######
 Freezing Cloud           Conj/Ice/Air   #.........   100%        6    #######
 Simulacrum               Ice/Necr       #.........   100%        6    #######
 Ring of Flames           Chrm/Fire      #.........   100%        7    #######
 Tornado                  Air            #.........   100%        9    #######


Dungeon Overview and Level Annotations

Branches:
Dungeon (15/15)            Temple (0/1) D:7            Lair (6/6) D:9
 Shoals (4/4) Lair:3        Snake (4/4) Lair:4        Slime (0/5) Lair:6
    Orc (2/2) D:12            Elf (0/3) Orc:2        Vaults (0/5) D:14
 Depths (0/5) D:15          IceCv (visited)         Gauntlet (visited)

Altars:
Dithmenos
Fedhas
Makhleb
Okawaru
Ru
Jiyva

Shops:
D:4 }   D:6 ?   D:7 [=!=*   D:15 (   Orc:1 [   Orc:2 *%(}   Shoals:2 =*(=(
Snake:2 %!(}   Snake:3 [   Snake:4 !

Portals:
Pandemonium: Orc:2

Annotations:
Lair:4 2 transporters, vurker's ghost, adept TeAE
Lair:5 need to dig, exclusion: 4 oklob plants
Orc:1 2 transporters, CrazyArbalest's ghost, journeyman MiHu


Innate Abilities, Weirdness & Mutations

You reflexively headbutt those who attack you in melee.
You have a pair of horns on your head.


Message History

The water nymph casts a spell at you. The water swirls and strikes you!!
* * * LOW HITPOINT WARNING * * *
The water nymph gestures at you while chanting.
The water swirls and strikes you.
The wind drake is engulfed in a cloud of scalding steam.
The wind drake bites you but does no damage.
You feel much better.
The merfolk aquamancer is engulfed in a cloud of scalding steam.
The merfolk aquamancer casts a spell at you.
The torrent of water hits you.
* * * LOW HITPOINT WARNING * * *
You are knocked back by the torrent of water.
You collide with the wind drake!
* * * LOW HITPOINT WARNING * * *
Splash!
The wave splashes down.
You block the wind drake's attack. The water nymph casts a spell at you.
The water swirls and strikes you!!
You die...

≈≈,,,≈≈≈≈.P≈PPP)≈##≈≈≈*#≈≈≈,,≈≈≈≈
≈≈≈≈≈≈≈≈≈≈≈P≈≈≈(≈≈##+##≈≈≈≈≈≈≈≈≈≈
≈≈≈≈≈≈≈≈≈≈PP≈≈÷≈≈...≈≈≈≈≈≈≈≈≈≈≈≈≈
≈≈≈≈≈≈≈P≈≈≈≈PPP≈≈)P.≈≈≈≈≈≈.,,≈≈≈≈
≈≈≈≈≈≈≈≈P≈≈≈≈PPP≈...≈≈≈≈≈(.,,,,≈≈
≈≈≈≈≈≈≈≈≈≈≈≈≈≈≈≈≈PPPPP≈≈≈≈.**,,≈≈
≈≈≈≈≈≈≈≈≈≈≈≈≈≈≈§≈..PPP≈≈≈≈.***,≈≈
≈≈≈..≈≈≈≈≈≈≈≈≈≈k≈≈...P≈≈≈≈.,,≈≈≈≈
≈≈....,≈≈≈≈≈≈§§≈@≈?....≈≈≈.,,≈≈≈≈
≈≈......≈≈≈≈≈≈≈≈≈≈......≈≈.,≈≈≈≈≈
≈≈.....≈≈≈≈#####≈≈......≈##***≈≈≈
≈≈≈P...≈≈≈##≈≈≈##≈.m....##,,,**≈≈
≈≈≈P..≈≈≈≈#≈≈÷≈)#......m#,,,,,*≈≈
≈≈≈≈≈≈≈≈≈≈#≈≈≈..†.§..≈.≈#≈≈≈≈≈*≈≈
PP≈..≈....#.."..#......≈#≈≈≈≈≈*≈≈
PPP..≈≈...##...##......≈##≈≈≈**≈≈
≈≈.(###..#######........≈#*+**≈≈≈


You could see a merfolk aquamancer, a wind drake and a water nymph.

Vanquished Creatures
  Rupert (D:12)
  3 krakens
  9 nagarajas
  Aizul (Snake:1)
  An orc warlord (Orc:1)
  Nessos (D:13)
  A dire elephant (Gauntlet)
  A minotaur (Gauntlet)
  2 blizzard demons (IceCv)
  A merfolk javelineer (Shoals:2)
  Snorg (D:14)
  6 merfolk impalers
  2 ogre magi (D:15)
  2 vault guards (D:14)
  Harold (D:7)
  8 hydras
  9 naga warriors
  2 merfolk avatars (Shoals:4)
  An alligator snapping turtle (Shoals:4)
  3 catoblepae
  5 centaur warriors
  12 two-headed ogres
  3 anacondas
  7 merfolk aquamancers
  Erica (D:8)
  A satyr (Shoals:2)
  A death yak (Lair:5)
  3 shock serpents
  6 orc high priests (Orc:2)
  11 naga sharpshooters
  3 tengu warriors
  2 soul eaters
  Nergalle (Lair:4)
  2 sixfirhies (Orc:2)
  2 salamander mystics
  A wizard (D:14)
  14 sea snakes
  8 naga ritualists
  4 harpies (Shoals:2)
  5 orc knights
  2 torturous demonspawn (Orc:2)
  2 necromancers (D:14)
  3 lindwurms
  3 deep elf magi (D:15)
  An infernal demonspawn (Orc:2)
  An oklob plant (Lair:5)
  6 mana vipers
  2 ugly things
  2 cyclopes
  10 manticores
  8 orc sorcerers
  11 fauns
  6 salamanders
  A salamander (shapeshifter) (D:15)
  4 elephants
  2 centaur zombies
  9 merfolk sirens
  28 black mambas
  2 guardian serpents
  22 naga magi
  4 water nymphs
  A rust devil (Orc:2)
  3 ice statues (IceCv)
  4 gargoyles
  31 spiny frogs
  3 centaur skeletons
  A kobold demonologist (D:12)
  6 komodo dragons
  2 rime drakes
  7 ice devils (IceCv)
  A tengu conjurer (Gauntlet)
  3 freezing wraiths
  2 anaconda simulacra (IceCv)
  A hellwing (Orc:2)
  A queen bee (Lair:5)
  13 trolls
  3 meliai (Lair:5)
  A meliai (shapeshifter) (D:15)
  19 merfolk
  2 hornets
  A polar bear (Lair:4)
  3 wind drakes
  26 blink frogs
  17 hippogriffs
  A slime creature (D:12)
  4 tyrant leeches (Lair:6)
  4 snapping turtles
  3 dream sheep (Shoals:4)
  2 spriggans (Lair:4)
  2 shadows
  2 wraiths
  2 dire elephant simulacra (IceCv)
  19 water elementals
  5 wyverns
  Grum (D:8)
  55 yaks
  19 humans (D:14)
  A hungry ghost (D:8)
  2 basilisks
  6 vampire mosquitoes
  An acid dragon (D:8)
  2 harpy simulacra (IceCv)
  A soldier ant (D:13)
  3 iron troll simulacra (IceCv)
  30 nagas
  6 wargs
  A soldier ant (shapeshifter) (D:13)
  Duvessa (D:6)
  12 porcupines
  11 water moccasins
  A hydra simulacrum (IceCv)
  38 orc warriors
  3 eyes of draining
  3 ice beasts
  3 black bears
  22 ogres
  7 sky beasts
  3 phantoms
  23 wolves
  16 centaurs
  15 crocodiles
  13 big kobolds
  26 bullfrogs
  Dowan (D:6)
  3 wyvern zombies
  A wyvern skeleton (D:12)
  5 scorpions
  27 killer bees
  7 wights (D:14)
  A howler monkey (D:11)
  3 electric eels
  2 bullfrog zombies
  4 crimson imps
  2 quasits (D:8)
  5 jellies
  3 bullfrog skeletons
  3 hounds
  23 orc wizards
  24 orc priests
  Terence (D:2)
  2 iguanas
  8 worker ants
  A hound skeleton (D:10)
  2 gnolls
  A howler monkey skeleton (D:8)
  13 adders
  6 shadow imps
  3 oozes
  3 worms (D:2)
  5 dart slugs
  3 leopard geckos
  105 orcs
  2 ball pythons
  3 giant cockroaches
  21 hobgoblins
  13 jackals
  32 kobolds
  4 quokkas
  9 bats
  6 frilled lizards
  19 goblins
  9 rats
  2 fungi (Lair:5)
  A plant (Shoals:1)
  13 tentacles
1198 creatures vanquished.

Vanquished Creatures (collateral kills)
  A nagaraja (Snake:4)
  A merfolk impaler (Shoals:3)
  3 naga warriors
  2 satyrs (Shoals:2)
  A merfolk aquamancer (Shoals:3)
  An orc high priest (Orc:1)
  Urug (Orc:1)
  3 naga sharpshooters (Snake:4)
  A naga ritualist (Snake:1)
  A sea snake (Shoals:3)
  2 fauns (Shoals:2)
  A manticore (Shoals:3)
  A centaur zombie (D:13)
  2 black mambas (Snake:1)
  3 naga magi (Snake:4)
  An orange demon (Orc:2)
  7 merfolk
  2 trolls
  5 slime creatures (D:12)
  A hippogriff (Lair:5)
  A wyvern (Lair:5)
  8 water elementals
  A yak (Lair:5)
  2 nagas
  A water moccasin (Lair:5)
  3 orc warriors (Orc:1)
  4 centaurs
  A bullfrog (Lair:3)
  12 killer bees (Lair:5)
  A crimson imp (D:13)
  A hound (D:12)
  2 orc priests (D:10)
  2 orc wizards
  8 orcs
87 creatures vanquished.

Vanquished Creatures (others)
  2 cyclopes
  A faun (Shoals:2)
  2 centaurs
  A killer bee (Lair:5)
  2 kobolds (D:11)
  27 fungi
  43 plants
  23 tentacles
101 creatures vanquished.

Grand Total: 1386 creatures vanquished

Notes
Turn   | Place    | Note
-------+----------+-------------------------------------------
     0 | D:1      | mortelune the Minotaur Berserker began the quest for the
                  | Orb.
     0 | D:1      | Reached XP level 1. HP: 19/19 MP: 0/0
    44 | D:1      | Reached XP level 2. HP: 23/27 MP: 1/1
   348 | D:1      | Reached skill level 4 in Fighting
   455 | D:1      | Reached XP level 3. HP: 31/33 MP: 2/2
   624 | D:1      | Reached ** piety under Trog
   880 | D:2      | Reached XP level 4. HP: 35/41 MP: 3/3
  1160 | D:2      | Noticed Terence
  1168 | D:2      | Killed Terence
  1176 | D:2      | Reached skill level 5 in Long Blades
  1501 | D:3      | Reached XP level 5. HP: 37/47 MP: 4/4
  1653 | D:3      | Reached skill level 5 in Fighting
  1960 | D:3      | Noticed a sky beast
  1969 | D:3      | Killed a sky beast
  1969 | D:3      | Reached XP level 6. HP: 30/56 MP: 5/5
  2352 | D:3      | Found a burning altar of Makhleb.
  3001 | D:4      | Reached *** piety under Trog
  3084 | D:4      | Found Ytira's Gadget Boutique.
  3561 | D:5      | Entered Level 5 of the Dungeon
  4139 | D:6      | Reached skill level 5 in Armour
  4139 | D:6      | Reached XP level 7. HP: 62/62 MP: 6/6
  4252 | D:6      | Reached skill level 6 in Fighting
  4316 | D:6      | Noticed Dowan
  4317 | D:6      | Noticed Duvessa
  4327 | D:6      | Killed Duvessa
  4330 | D:6      | Killed Dowan
  4432 | D:6      | Reached XP level 8. HP: 64/71 MP: 7/7
  4514 | D:6      | Reached skill level 7 in Fighting
  4597 | D:6      | Found Uniox's Magic Scroll Shoppe.
  4607 | D:6      | Bought a scroll of summoning for 142 gold pieces
  4607 | D:6      | Bought a scroll of blinking for 112 gold pieces
  4788 | D:6      | Got a warped leather armour
  4799 | D:6      | Identified the +2 leather armour "Ezucem" {rElec Str-2
                  | Dex+4 Slay+2} (You found it on level 6 of the Dungeon)
  5282 | D:7      | Found Fampui Dughi's Distillery.
  5286 | D:7      | Bought a potion of curing for 36 gold pieces
  5286 | D:7      | Bought a potion of degeneration for 12 gold pieces
  5344 | D:7      | Found a staircase to the Ecumenical Temple.
  5368 | D:7      | Found Moemaox's Antique Armour Emporium.
  5474 | D:7      | Found Zaquaz's Assorted Antiques.
  5558 | D:7      | Reached skill level 10 in Long Blades
  5672 | D:7      | Reached **** piety under Trog
  5827 | D:7      | Noticed Harold
  5838 | D:7      | Killed Harold
  5838 | D:7      | Reached skill level 8 in Fighting
  5838 | D:7      | Reached XP level 9. HP: 71/82 MP: 8/8
  5911 | D:7      | Found Pomel's Jewellery Emporium.
  6123 | D:7      | Found Doink's Jewellery Shop.
  6356 | D:8      | Noticed Erica
  6360 | D:8      | Killed Erica
  6360 | D:8      | Reached skill level 9 in Fighting
  6507 | D:8      | Noticed Grum
  6525 | D:8      | Killed Grum
  6528 | D:8      | Reached XP level 10. HP: 72/91 MP: 9/9
  7088 | D:8      | Got a polished mace
  7089 | D:8      | Identified the +3 mace of Karma {drain, -Tele rN+ Str+3
                  | Int-4} (You found it on level 8 of the Dungeon)
  7466 | D:9      | Reached skill level 10 in Fighting
  7479 | D:9      | Reached ***** piety under Trog
  7557 | D:9      | Found a sacrificial altar of Ru.
  7594 | D:9      | Found a shadowy altar of Dithmenos.
  7639 | D:9      | Reached skill level 10 in Armour
  7658 | D:9      | Found a staircase to the Lair.
  8783 | D:10     | Entered Level 10 of the Dungeon
  8783 | D:10     | Noticed a two-headed ogre
  8788 | D:10     | Killed a two-headed ogre
  8788 | D:10     | Reached XP level 11. HP: 101/101 MP: 10/10
  8895 | D:10     | Noticed a two-headed ogre
  8903 | D:10     | Killed a two-headed ogre
  8903 | D:10     | Reached skill level 11 in Fighting
  9758 | Lair:1   | Entered Level 1 of the Lair of Beasts
  9800 | Lair:1   | Received a gift from Trog
  9801 | Lair:1   | Reached skill level 15 in Long Blades
  9951 | Lair:1   | Reached skill level 1 in Shields
 10351 | Lair:1   | Reached skill level 12 in Fighting
 10969 | Lair:1   | Reached XP level 12. HP: 113/113 MP: 11/11
 11643 | Lair:2   | Noticed a five-headed hydra
 11652 | Lair:2   | Killed a one-headed hydra
 11750 | Lair:2   | Reached skill level 13 in Fighting
 12289 | D:7      | Bought an uncursed ring of ice for 325 gold pieces
 12400 | Lair:3   | Noticed a catoblepas
 12411 | Lair:3   | Killed a catoblepas
 12512 | Lair:3   | Noticed a six-headed hydra
 12519 | Lair:3   | Killed a four-headed hydra
 12652 | Lair:3   | Found a staircase to the Shoals.
 12990 | Lair:3   | Reached skill level 14 in Fighting
 13090 | Lair:3   | Noticed a six-headed hydra
 13100 | Lair:3   | Killed a one-headed hydra
 13755 | Lair:4   | Noticed a catoblepas
 13763 | Lair:4   | Killed a catoblepas
 13791 | Lair:4   | Found a staircase to the Snake Pit.
 13820 | Lair:4   | Reached XP level 13. HP: 125/125 MP: 12/12
 14071 | Lair:4   | Noticed vurker's ghost (adept TeAE)
 14093 | Lair:4   | Found a transporter.
 14095 | Lair:4   | Found a transporter.
 14372 | Lair:4   | Reached skill level 15 in Fighting
 14693 | Lair:4   | Noticed Nergalle
 14702 | Lair:4   | Killed Nergalle
 15013 | D:7      | Bought an uncursed ring of poison resistance for 260 gold
                  | pieces
 15214 | Lair:5   | Reached skill level 15 in Armour
 15241 | Lair:5   | Received a gift from Trog
 15996 | Lair:5   | Reached skill level 16 in Fighting
 16563 | Lair:5   | Reached skill level 1 in Throwing
 17308 | Lair:6   | Entered Level 6 of the Lair of Beasts
 17719 | Lair:5   | Received a gift from Trog
 17959 | Lair:6   | Reached XP level 14. HP: 130/138 MP: 13/13
 18292 | Lair:6   | Received a gift from Trog
 19053 | Lair:6   | Received a gift from Trog
 19056 | Lair:6   | Reached skill level 17 in Fighting
 19056 | Lair:6   | Reached skill level 5 in Throwing
 19058 | Lair:6   | Got an ichor-stained demon blade {god gift}
 19059 | Lair:6   | Identified the +10 demon blade of the Lonely Mice {drain,
                  | rPois Str-2 Dex+4} (Trog gifted it to you on level 6 of the
                  | Lair of Beasts)
 19222 | Lair:6   | Found a viscous altar of Jiyva.
 19222 | Lair:6   | Found a staircase to the Slime Pits.
 20252 | D:12     | Found a gate leading to a gauntlet.
 20283 | Gauntlet | Entered a Gauntlet
 20283 | Gauntlet | Found a transporter.
 20283 | Gauntlet | Found a transporter.
 20319 | Gauntlet | Found a transporter.
 20322 | Gauntlet | Found a transporter.
 20326 | Gauntlet | Found a runed translucent door.
 20328 | Gauntlet | Found a runed translucent door.
 20330 | Gauntlet | Found a transporter.
 20334 | Gauntlet | Found a transporter.
 20343 | Gauntlet | Found a transporter.
 20357 | Gauntlet | Found a runed translucent gate.
 20358 | Gauntlet | Found a transporter.
 20358 | Gauntlet | Found a runed translucent gate.
 20359 | Gauntlet | Found a runed translucent gate.
 20372 | Gauntlet | Found a transporter.
 20376 | Gauntlet | Found a transporter.
 20384 | Gauntlet | Found a transporter.
 20388 | Gauntlet | Found a transporter.
 20389 | Gauntlet | Found a runed translucent door.
 20603 | Gauntlet | Got a scintillating bronze ring
 20605 | Gauntlet | Identified the ring "Zumpivvi" {rF+ rCorr Stlth+} (You
                  | found it in a Gauntlet)
 20784 | Gauntlet | Identified the Catalogue of Enhancements
 20797 | Gauntlet | Got a twisted mace
 20799 | Gauntlet | Identified the +11 mace "Nazat" {protect, rF++ Int+2 Dex+3
                  | Stlth+} (You found it in a Gauntlet)
 21164 | D:12     | Received a gift from Trog
 21221 | D:12     | Found a staircase to the Orcish Mines.
 21339 | Orc:1    | Entered Level 1 of the Orcish Mines
 21568 | Orc:1    | Found a transporter.
 21575 | Orc:1    | Noticed CrazyArbalest's ghost (journeyman MiHu)
 21575 | Orc:1    | Identified the cursed +0 dire flail "Giantbane" {flame,
                  | MR+}
 21575 | Orc:1    | Identified the +7 dire flail of Dividends {freeze, rElec
                  | rC- MR+}
 21576 | Orc:1    | Found a transporter.
 21577 | Orc:1    | Found Rorun's Antique Armour Boutique.
 21619 | Orc:1    | Noticed an orc warlord
 21622 | Orc:1    | Paralysed by an orc sorcerer for 2 turns
 21631 | Orc:1    | Killed an orc warlord
 21641 | Orc:1    | Noticed Urug
 21647 | Orc:1    | Killed Urug
 21977 | Orc:2    | Entered Level 2 of the Orcish Mines
 21997 | Orc:2    | Found a staircase to the Elven Halls.
 22424 | Orc:2    | Received a gift from Trog
 22429 | Orc:2    | Found Hiebec's Food Boutique.
 22479 | Orc:2    | Reached XP level 15. HP: 144/148 MP: 14/14
 22494 | Orc:2    | Found Kiegh's General Store.
 22506 | Orc:2    | Received a gift from Trog
 22546 | Orc:2    | Bought a potion of invisibility for 112 gold pieces
 22992 | Orc:2    | Received a gift from Trog
 23035 | Orc:2    | Reached skill level 18 in Fighting
 23132 | Orc:2    | Found Semaemitz's Antique Weapon Shoppe.
 23132 | Orc:2    | Found a one-way gate leading to the halls of Pandemonium.
 23132 | Orc:2    | Found Olewyamn's Gadget Emporium.
 23144 | Orc:2    | Bought a wand of digging (3) for 154 gold pieces
 23305 | Orc:2    | Found an iron altar of Okawaru.
 23693 | D:13     | Noticed Rupert
 23715 | D:12     | Killed Rupert
 23715 | D:12     | Reached skill level 1 in Evocations
 23761 | D:13     | Noticed Nessos
 23984 | D:13     | Received a gift from Trog
 24064 | D:13     | Killed Nessos
 24488 | D:14     | Reached ****** piety under Trog
 24587 | D:14     | Noticed Snorg
 24594 | D:14     | Killed Snorg
 25019 | D:14     | Received a gift from Trog
 25024 | D:14     | Reached skill level 10 in Throwing
 25064 | D:14     | Found a gate to the Vaults.
 25536 | D:15     | Entered Level 15 of the Dungeon
 25708 | D:15     | Reached XP level 16. HP: 159/159 MP: 16/18
 25943 | D:15     | Found Biur Taopo's Weapon Emporium.
 26367 | D:15     | Found a blossoming altar of Fedhas.
 26798 | D:15     | Received a gift from Trog
 26824 | D:15     | Found a staircase to the Depths.
 26850 | D:15     | Reached skill level 5 in Evocations
 27119 | D:15     | Reached skill level 19 in Fighting
 27409 | Snake:1  | Entered Level 1 of the Snake Pit
 28572 | Snake:1  | Noticed Aizul
 28583 | Snake:1  | Killed Aizul
 29665 | Snake:2  | Found Nopleg's Weapon Emporium.
 29667 | Snake:2  | Found Pipro's Gadget Emporium.
 29667 | Snake:2  | Found Uweih's Food Shoppe.
 29670 | Snake:2  | Found Hud Sug's Distillery.
 29705 | Snake:2  | Received a gift from Trog
 30231 | Snake:3  | Found Mocvihoa's Antique Armour Shop.
 30240 | Snake:3  | Bought a pair of embroidered boots for 187 gold pieces
 30940 | Snake:4  | Entered Level 4 of the Snake Pit
 31035 | Snake:4  | Received a gift from Trog
 31035 | Snake:4  | Reached XP level 17. HP: 120/168 MP: 21/21
 31577 | Snake:4  | Received a gift from Trog
 32184 | Snake:4  | Received a gift from Trog
 32744 | Snake:4  | Found Rokhes's Distillery.
 32946 | Snake:4  | Reached skill level 20 in Fighting
 33225 | Snake:4  | Received a gift from Trog
 34109 | Snake:4  | Got a serpentine rune of Zot
 34317 | Shoals:1 | Entered Level 1 of the Shoals
 35784 | Shoals:2 | Received a gift from Trog
 36170 | Shoals:2 | Reached skill level 15 in Throwing
 36508 | Shoals:2 | Reached XP level 18. HP: 152/180 MP: 23/23
 36589 | Shoals:2 | Found Mazixon's Weapon Boutique.
 36852 | Shoals:2 | Found Alics's Jewellery Shop.
 36981 | Shoals:2 | Found Xeitell's Weapon Shoppe.
 37022 | Shoals:2 | Found Yraz's General Store.
 37030 | Shoals:2 | Bought a scroll of blinking for 97 gold pieces
 37048 | Shoals:2 | Found Hoerghie's Jewellery Shoppe.
 37056 | Shoals:2 | Bought the amulet "Imudot" {Reflect rC++ Dex+3 SH+2} for
                  | 689 gold pieces
 38427 | Shoals:4 | Entered Level 4 of the Shoals
 38748 | Shoals:4 | Found a frozen archway.
 38772 | IceCv    | Entered an ice cave
 39564 | Shoals:4 | Received a gift from Trog
 40026 | Shoals:4 | Received a gift from Trog
 40083 | Shoals:4 | Killed from afar by a water nymph

Levels and vault maps discovered:
D:1:      lightli_arrival_chessboard, layout_rooms, hangedman_glass_teeth,
          minmay_indecisive_spiral
D:2:      layout_basic, uniq_terence
D:3:      layout_loops_corners, makhleb_heckhound_becter
D:4:      layout_basic, serial_shops, kennysheep_little_box
D:5:      layout_basic, first_ration
D:6:      layout_loops_corners, serial_shops, kennysheep_mini, uniq_duvessa
D:7:      corexii_shantytown, layout_loops_corners,
          minmay_temple_entry_steel_oval, serial_shops, shop,
          nicolae_shop_trees, shop_statue, nicolae_shop_window_shopping,
          shop_fountains, uniq_harold
D:8:      layout_basic, uniq_grum, uniq_erica
D:9:      layout_long_grid, grunt_dithmenos_smoke, due_lair_maze_entry_diamond,
          blue_anna_alchemist [blue_anna_fruit_fields, blue_anna_fruit_fields],
          nicolae_ru_great_annihilating_truth
D:10:     layout_roguey
D:11:     layout_loops_ring
D:12:     layout_rooms, kennysheep_orc_monster_closet_entryway,
          gauntlet_entry_generic
D:13:     layout_rooms, uniq_rupert, uniq_nessos
D:14:     layout_loops_corners, grunt_vaults_entry_tiered,
          hangedman_decor_clover_reticule, uniq_snorg
D:15:     grunt_enter_depths_magical_seal, layout_grid_maze, fedhas_altar_1,
          serial_shops, nicolae_shop_temple_entry_statues_fountains
Lair:1:   layout_long_grid, beast_lair_carwin_1, grunt_megastairs_3
Lair:2:   wander_river, layout_hall_layers, chequers_serial_rivers_micro_d
Lair:3:   layout_chaotic_city, minmay_shoals_entry_centaurs, beast_lair_carwin_5
Lair:4:   layout_small_grid, minmay_snake_entry_guardpost_small,
          gammafunk_ghost_hive, forest_entry_grove, uniq_nergalle
Lair:5:   hangedman_what_comes_after_a, layout_regular_city, minivault_27
Lair:6:   minmay_lair_end_frog_pond, layout_loops_ring,
          dpeg_slime_entry_enclosed_altar
Shoals:1: layout_shoals
Shoals:2: layout_shoals, serial_shops, nicolae_shop_competitors_out_of_business,
          nicolae_shop_waterfront, shop, shop, shop
Shoals:3: cheibrodos_shoals_baths, layout_shoals
Shoals:4: shoals_end_simple, layout_shoals, portal_ice_cave_entry_frozen_things,
          uniq_mara, uniq_louise, uniq_polyphemus
Snake:1:  layout_onion, serial_bayou_lake_a, uniq_aizul
Snake:2:  layout_rooms, minmay_shoptagon, serial_bayou_shore_b
Snake:3:  layout_misc_corridors, serial_shops, shop_statue, lemuel_fruit_tree
Snake:4:  snake_pit, layout_rooms, serial_shops, shop
Orc:1:    layout_caves, gammafunk_ghost_smash, serial_shops, shop, uniq_urug
Orc:2:    pf_orc_diabolical, layout_caves, okawaru_metal_pillars_3

Skill      XL: |  1  2  3  4  5  6  7  8  9 10 11 12 13 14 15 16 17 18 |
---------------+-------------------------------------------------------+-----
Fighting       | 4 5 6 8 9 10 12 14 16 17 18 19 20 | 20.8
Long Blades    | 4 5 6 7 8 10 12 14 15 16 | 16.0
Armour         | 3 4 5 6 7 9 10 12 14 16 17 18 | 18.7
Shields        | 4 |  4.1
Throwing       | 3 7 10 13 15 16 | 16.0
Evocations     | 4 6 8 9 |  9.7
Dodging        | |  2.6

Action                   |  1- 3 |  4- 6 |  7- 9 | 10-12 | 13-15 | 16-18 || total
-------------------------+-------+-------+-------+-------+-------+-------++-------
Melee: Falchion          |    67 |   144 |       |       |       |       ||   211
       Headbutt          |     8 |    31 |    26 |   144 |   344 |   366 ||   919
       Great sword       |       |     1 |   114 |       |       |       ||   115
       Scimitar          |       |       |    26 |   436 |   493 |       ||   955
       Demon blade       |       |       |       |       |   759 |  1095 ||  1854
Throw: Boomerang         |       |       |       |       |    19 |    17 ||    36
       Javelin           |       |       |       |       |    18 |    69 ||    87
Invok: Trog's Hand       |       |     4 |     5 |     4 |     9 |    23 ||    45
       Berserk           |       |     3 |     6 |     5 |     9 |    11 ||    34
       Brothers in Arms  |       |       |       |     2 |     6 |    15 ||    23
  Use: Scroll            |       |    10 |       |    14 |    10 |     9 ||    43
       Potion            |       |       |       |       |     2 |     2 ||     4
 Stab: Sleeping          |       |       |     1 |     2 |       |       ||     3
       Invisible         |       |       |       |     1 |       |       ||     1
       Distracted        |       |       |       |       |     1 |     2 ||     3
       Petrified         |       |       |       |       |     9 |       ||     9
       Petrifying        |       |       |       |       |     2 |       ||     2
       Fleeing           |       |       |       |       |       |     1 ||     1
  Eat: Chunk             |       |    14 |    12 |    28 |    35 |    18 ||   107
       Ration            |       |       |     1 |       |     6 |    15 ||    22
Armor: Leather armour    |    12 |       |    22 |    65 |    36 |       ||   135
       Scale mail        |     4 |    64 |    14 |       |       |       ||    82
       Plate armour      |       |       |     2 |       |   294 |   424 ||   720
       Acid dragon scale |       |       |       |       |     6 |       ||     6
Dodge: Dodged            |    51 |    80 |    81 |   221 |   483 |   466 ||  1382
Block: Other             |       |     7 |    31 |    35 |       |       ||    73
       Reflection        |       |       |     2 |     4 |    40 |    87 ||   133
       Buckler           |       |       |       |   117 |   673 |   613 ||  1403
       Rpst.: Falchion   |    12 |    22 |       |       |       |       ||    34
       Great sword       |       |       |    13 |       |       |       ||    13
       Scimitar          |       |       |     4 |    64 |    63 |       ||   131
       Demon blade       |       |       |       |       |    63 |    85 ||   148
